[ AOE2 MATCH · #507051899 ]
UnrankedMaya vs Vietnamese
Player's team · WIN
[ REPLAY ANALYSIS · EXTRACTED FROM THE RECORDED GAME ]
Feudal
9:19
Castle
21:02
Imperial
36:22
| APM avg | 145.7 |
| APM peak | 218 |
| eAPM avg | 97.1 |
| Villagers / military | 150 / 189 |
Focus
⚔️ 79.7% · 🌾 20.3%
Skirmisher ×88 · Archer ×59 · Eagle Scout ×29 · Trebuchet (Packed) ×5 · Militia ×3 · Monk ×2
Feudal
9:15
Castle
20:45
Imperial
37:01
| APM avg | 55.7 |
| APM peak | 74 |
| eAPM avg | 28.3 |
| Villagers / military | 232 / 212 |
Focus
⚔️ 34.2% · 🌾 65.8%
Skirmisher ×109 · Fire Lancer ×80 · Mangonel ×9 · Trebuchet (Packed) ×5 · Archer ×4 · Monk ×3
Match map
Initial resources + every placement click. Lines = walls · curves = elevation contours. ◆ gold · ⬟ stone · ● berries · ✦ relic · ◌ wall gap
Your base· ✓ Closed at 21:02 · 37t walls · no gate
Attila Empires's base· Open — opponent sealed themselves in
Smoothed initial terrain · ◌ = detected wall gap · hover for details
Inputs per minute
— Barış Manço - - Attila Empires
Build order — Barış Manço
First 150 of 535 actions detected
| 0:00 | Queue | Villager (Male) |
| 0:00 | Queue | Villager (Male) |
| 0:01 | Queue | Villager (Male) |
| 0:01 | Build | House |
| 0:02 | Build | House |
| 0:04 | Research | Loom |
| 0:04 | Research | Loom |
| 0:05 | Queue | Villager (Male) |
| 0:05 | Queue | Villager (Male) |
| 0:06 | Queue | Villager (Male) |
| 1:09 | Queue | Villager (Male) |
| 1:35 | Queue | Villager (Male) |
| 2:14 | Build | Lumber Camp |
| 2:15 | Queue | Villager (Male) |
| 2:15 | Queue | Villager (Male) |
| 2:32 | Queue | Villager (Male) |
| 2:32 | Queue | Villager (Male) |
| 2:52 | Build | Palisade Wall |
| 2:58 | Queue | Villager (Male) |
| 2:58 | Queue | Villager (Male) |
| 3:19 | Queue | Villager (Male) |
| 3:19 | Queue | Villager (Male) |
| 3:46 | Queue | Villager (Male) |
| 3:46 | Queue | Villager (Male) |
| 3:52 | Build | House |
| 4:17 | Build | House |
| 4:28 | Queue | Villager (Male) |
| 4:28 | Queue | Villager (Male) |
| 4:28 | Queue | Villager (Male) |
| 4:47 | Queue | Villager (Male) |
| 5:45 | Build | Barracks |
| 5:51 | Queue | Villager (Male) |
| 6:16 | Queue | Villager (Male) |
| 6:43 | Queue | Villager (Male) |
| 7:06 | Build | Mining Camp |
| 7:09 | Research | Feudal Age |
| 7:09 | Research | Feudal Age |
| 7:23 | Queue | Militia |
| 7:30 | Build | House |
| 7:40 | Queue | Militia |
| 7:44 | Build | Palisade Wall |
| 8:00 | Queue | Militia |
| 8:13 | Build | Palisade Wall |
| 8:14 | Build | Palisade Wall |
| 8:21 | Build | Palisade Wall |
| 8:21 | Build | Palisade Wall |
| 8:35 | Build | Palisade Wall |
| 8:35 | Build | Palisade Wall |
| 8:45 | Queue | Villager (Male) |
| 9:19 | Age | Feudal Age |
| 9:19 | Research | Man-at-Arms (upgrade) |
| 9:20 | Research | Man-at-Arms (upgrade) |
| 9:20 | Build | Archery Range |
| 9:24 | Build | Palisade Wall |
| 9:28 | Queue | Villager (Male) |
| 9:35 | Build | House |
| 9:39 | Queue | Villager (Male) |
| 9:53 | Build | Mill |
| 9:57 | Build | Palisade Wall |
| 9:57 | Build | Palisade Wall |
| 9:58 | Build | Palisade Wall |
| 9:58 | Build | Palisade Wall |
| 9:59 | Build | Palisade Wall |
| 10:00 | Build | Palisade Wall |
| 10:02 | Build | Palisade Wall |
| 10:02 | Queue | Villager (Male) |
| 10:26 | Build | Palisade Wall |
| 10:27 | Build | Palisade Wall |
| 10:29 | Build | Palisade Wall |
| 10:31 | Queue | Villager (Male) |
| 10:45 | Build | Farm |
| 10:55 | Build | Farm |
| 10:57 | Build | Palisade Wall |
| 11:07 | Research | Double-Bit Axe |
| 11:07 | Research | Double-Bit Axe |
| 11:20 | Queue | Skirmisher |
| 11:26 | Queue | Villager (Male) |
| 11:26 | Queue | Villager (Male) |
| 11:39 | Build | Farm |
| 11:39 | Queue | Villager (Male) |
| 12:02 | Queue | Villager (Male) |
| 12:07 | Build | House |
| 12:17 | Queue | Skirmisher |
| 12:25 | Build | Blacksmith |
| 12:28 | Queue | Archer |
| 12:46 | Build | House |
| 12:47 | Queue | Villager (Male) |
| 12:57 | Build | House |
| 12:57 | Build | House |
| 12:59 | Queue | Villager (Male) |
| 13:03 | Queue | Villager (Male) |
| 13:05 | Build | Farm |
| 13:11 | Queue | Archer |
| 13:12 | Research | Fletching |
| 13:12 | Research | Fletching |
| 13:19 | Queue | Skirmisher |
| 13:21 | Build | House |
| 13:29 | Build | House |
| 13:36 | Queue | Eagle Scout |
| 13:44 | Build | House |
| 13:47 | Build | Palisade Gate |
| 13:55 | Queue | Villager (Male) |
| 14:03 | Queue | Archer |
| 14:12 | Queue | Villager (Male) |
| 14:13 | Research | Scale Mail Armor |
| 14:14 | Research | Scale Mail Armor |
| 14:25 | Queue | Villager (Male) |
| 14:26 | Build | Farm |
| 14:29 | Build | Farm |
| 14:30 | Queue | Villager (Male) |
| 14:34 | Queue | Skirmisher |
| 14:52 | Queue | Skirmisher |
| 14:54 | Queue | Villager (Male) |
| 14:55 | Build | Farm |
| 14:58 | Build | Farm |
| 15:07 | Queue | Villager (Male) |
| 15:18 | Build | Farm |
| 15:25 | Queue | Archer |
| 15:27 | Queue | Villager (Male) |
| 15:29 | Build | House |
| 15:30 | Build | Palisade Wall |
| 15:37 | Build | Farm |
| 15:42 | Queue | Archer |
| 15:48 | Queue | Eagle Scout |
| 15:53 | Build | Farm |
| 16:20 | Queue | Skirmisher |
| 16:42 | Queue | Skirmisher |
| 16:42 | Queue | Villager (Male) |
| 16:44 | Build | Farm |
| 16:46 | Build | Farm |
| 16:47 | Queue | Villager (Male) |
| 16:48 | Build | Farm |
| 16:54 | Queue | Skirmisher |
| 16:56 | Queue | Villager (Male) |
| 17:03 | Build | Farm |
| 17:22 | Queue | Archer |
| 17:42 | Build | Farm |
| 18:04 | Build | Farm |
| 18:22 | Research | Castle Age |
| 18:22 | Research | Castle Age |
| 18:28 | Build | Archery Range |
| 18:29 | Queue | Archer |
| 18:51 | Queue | Archer |
| 19:07 | Queue | Skirmisher |
| 19:19 | Build | Lumber Camp |
| 19:20 | Research | Padded Archer Armor |
| 19:21 | Research | Padded Archer Armor |
| 19:22 | Queue | Skirmisher |
| 19:30 | Queue | Skirmisher |
| 19:45 | Queue | Skirmisher |
Build order — Attila Empires
First 150 of 445 actions detected
| 0:00 | Queue | Villager (Male) |
| 0:00 | Queue | Villager (Male) |
| 0:02 | Build | House |
| 0:03 | Build | House |
| 0:06 | Queue | Villager (Male) |
| 0:06 | Queue | Villager (Male) |
| 0:06 | Queue | Villager (Male) |
| 1:23 | Queue | Villager (Male) |
| 1:24 | Queue | Villager (Male) |
| 1:49 | Queue | Villager (Male) |
| 1:49 | Queue | Villager (Male) |
| 2:01 | Build | Lumber Camp |
| 2:20 | Queue | Villager (Male) |
| 2:49 | Queue | Villager (Male) |
| 2:49 | Queue | Villager (Male) |
| 2:50 | Queue | Villager (Male) |
| 3:31 | Queue | Villager (Male) |
| 3:31 | Queue | Villager (Male) |
| 3:33 | Build | House |
| 3:34 | Build | House |
| 3:59 | Queue | Villager (Male) |
| 3:59 | Queue | Villager (Male) |
| 4:00 | Queue | Villager (Male) |
| 4:12 | Queue | Villager (Male) |
| 4:12 | Queue | Villager (Male) |
| 4:39 | Queue | Villager (Male) |
| 4:39 | Queue | Villager (Male) |
| 4:43 | Queue | Villager (Male) |
| 4:47 | Queue | Villager (Male) |
| 5:07 | Build | Mill |
| 5:15 | Queue | Villager (Male) |
| 5:15 | Queue | Villager (Male) |
| 5:52 | Queue | Villager (Male) |
| 5:52 | Queue | Villager (Male) |
| 5:56 | Research | Loom |
| 6:48 | Research | Feudal Age |
| 7:34 | Build | Barracks |
| 7:55 | Build | House |
| 8:01 | Build | Palisade Wall |
| 8:03 | Build | Palisade Wall |
| 8:05 | Build | Palisade Wall |
| 8:17 | Build | Mining Camp |
| 8:31 | Build | Palisade Wall |
| 8:32 | Build | Palisade Wall |
| 8:41 | Build | Palisade Wall |
| 8:51 | Build | Palisade Wall |
| 8:53 | Build | Palisade Wall |
| 8:56 | Build | Palisade Wall |
| 8:59 | Build | Palisade Wall |
| 9:00 | Build | Palisade Wall |
| 9:15 | Build | Palisade Wall |
| 9:15 | Age | Feudal Age |
| 9:16 | Build | Palisade Wall |
| 9:17 | Queue | Villager (Male) |
| 9:20 | Build | Archery Range |
| 9:29 | Build | Palisade Wall |
| 9:41 | Build | House |
| 9:42 | Queue | Villager (Male) |
| 9:42 | Queue | Villager (Male) |
| 9:43 | Queue | Villager (Male) |
| 9:56 | Queue | Villager (Male) |
| 10:01 | Research | Double-Bit Axe |
| 10:02 | Research | Horse Collar |
| 10:02 | Research | Horse Collar |
| 10:04 | Queue | Archer |
| 10:06 | Queue | Archer |
| 10:15 | Queue | Villager (Male) |
| 10:26 | Build | Farm |
| 10:33 | Build | Palisade Wall |
| 10:37 | Queue | Villager (Male) |
| 10:40 | Build | Farm |
| 11:09 | Queue | Archer |
| 11:11 | Queue | Villager (Male) |
| 11:13 | Build | Farm |
| 11:33 | Queue | Villager (Male) |
| 11:40 | Build | House |
| 11:42 | Build | Palisade Wall |
| 11:44 | Queue | Skirmisher |
| 11:57 | Queue | Villager (Male) |
| 11:59 | Build | Farm |
| 12:03 | Build | Farm |
| 12:18 | Queue | Skirmisher |
| 12:18 | Queue | Skirmisher |
| 12:35 | Queue | Skirmisher |
| 12:40 | Build | Palisade Wall |
| 12:47 | Queue | Villager (Male) |
| 12:55 | Build | House |
| 12:58 | Queue | Skirmisher |
| 13:01 | Queue | Villager (Male) |
| 13:03 | Build | Farm |
| 13:22 | Queue | Archer |
| 13:27 | Research | Wheelbarrow |
| 13:50 | Queue | Villager (Male) |
| 13:50 | Queue | Villager (Male) |
| 13:52 | Build | Farm |
| 14:04 | Build | Farm |
| 14:05 | Build | Farm |
| 14:07 | Build | Farm |
| 14:15 | Queue | Villager (Male) |
| 14:15 | Queue | Villager (Male) |
| 14:38 | Queue | Villager (Male) |
| 14:39 | Queue | Villager (Male) |
| 14:41 | Build | Farm |
| 14:41 | Build | Farm |
| 14:43 | Build | Farm |
| 14:45 | Build | Farm |
| 14:49 | Queue | Skirmisher |
| 14:58 | Build | House |
| 15:04 | Build | Farm |
| 15:05 | Queue | Villager (Male) |
| 15:06 | Queue | Villager (Male) |
| 15:18 | Build | Lumber Camp |
| 15:19 | Queue | Villager (Male) |
| 15:28 | Build | House |
| 15:43 | Build | Palisade Wall |
| 15:45 | Queue | Villager (Male) |
| 15:50 | Queue | Skirmisher |
| 16:16 | Build | House |
| 16:26 | Queue | Villager (Male) |
| 16:27 | Queue | Villager (Male) |
| 16:39 | Queue | Skirmisher |
| 16:52 | Build | Market |
| 17:00 | Queue | Skirmisher |
| 17:00 | Queue | Skirmisher |
| 17:17 | Queue | Villager (Male) |
| 17:18 | Queue | Skirmisher |
| 17:26 | Build | House |
| 17:27 | Build | House |
| 18:05 | Research | Castle Age |
| 18:05 | Research | Castle Age |
| 18:28 | Build | Blacksmith |
| 18:37 | Build | House |
| 18:44 | Build | House |
| 18:48 | Queue | Skirmisher |
| 18:53 | Queue | Villager (Male) |
| 19:03 | Queue | Villager (Male) |
| 19:17 | Queue | Skirmisher |
| 19:17 | Queue | Skirmisher |
| 19:21 | Research | Fletching |
| 19:21 | Research | Fletching |
| 19:24 | Build | House |
| 19:24 | Build | House |
| 19:25 | Build | House |
| 19:50 | Queue | Villager (Male) |
| 20:15 | Build | Barracks |
| 20:45 | Age | Castle Age |
| 20:47 | Queue | Villager (Male) |
| 20:49 | Build | Town Center |
| 20:54 | Research | Bodkin Arrow |
| 20:55 | Research | Bow Saw |
Match timeline
| 2:52 | Barış Manço · wall_segment Palisade Wall x1 |
| 5:45 | Barış Manço · first_building Barracks |
| 7:34 | Attila Empires · first_building Barracks |
| 7:44 | Barış Manço · wall_segment Palisade Wall x4 |
| 8:01 | Attila Empires · wall_segment Palisade Wall x1 |
| 8:03 | Attila Empires · wall_segment Palisade Wall x1 |
| 8:05 | Attila Empires · wall_segment Palisade Wall x1 |
| 8:13 | Barış Manço · wall_segment Palisade Wall x1 |
| 8:14 | Barış Manço · wall_segment Palisade Wall x1 |
| 8:21 | Barış Manço · wall_segment Palisade Wall x1 |
| 8:21 | Barış Manço · wall_segment Palisade Wall x1 |
| 8:31 | Attila Empires · wall_segment Palisade Wall x1 |
| 8:32 | Attila Empires · wall_segment Palisade Wall x1 |
| 8:35 | Barış Manço · wall_segment Palisade Wall x1 |
| 8:35 | Barış Manço · wall_segment Palisade Wall x1 |
| 8:41 | Attila Empires · wall_segment Palisade Wall x3 |
| 8:51 | Attila Empires · wall_segment Palisade Wall x1 |
| 8:53 | Attila Empires · wall_segment Palisade Wall x1 |
| 8:56 | Attila Empires · wall_segment Palisade Wall x1 |
| 8:59 | Attila Empires · wall_segment Palisade Wall x1 |
| 9:00 | Attila Empires · wall_segment Palisade Wall x3 |
| 9:15 | Attila Empires · wall_segment Palisade Wall x1 |
| 9:15 | Attila Empires · age_up feudal |
| 9:16 | Attila Empires · wall_segment Palisade Wall x1 |
| 9:19 | Barış Manço · age_up feudal |
| 9:20 | Attila Empires · first_building Archery Range |
| 9:20 | Barış Manço · first_building Archery Range |
| 9:24 | Barış Manço · wall_segment Palisade Wall x4 |
| 9:29 | Attila Empires · wall_segment Palisade Wall x1 |
| 9:57 | Barış Manço · wall_segment Palisade Wall x1 |
| 9:57 | Barış Manço · wall_segment Palisade Wall x1 |
| 9:58 | Barış Manço · wall_segment Palisade Wall x1 |
| 9:58 | Barış Manço · wall_segment Palisade Wall x1 |
| 9:59 | Barış Manço · wall_segment Palisade Wall x1 |
| 10:00 | Barış Manço · wall_segment Palisade Wall x1 |
| 10:02 | Barış Manço · wall_segment Palisade Wall x5 |
| 10:26 | Barış Manço · wall_segment Palisade Wall x1 |
| 10:27 | Barış Manço · wall_segment Palisade Wall x1 |
| 10:29 | Barış Manço · wall_segment Palisade Wall x1 |
| 10:33 | Attila Empires · wall_segment Palisade Wall x12 |
| 10:57 | Barış Manço · wall_segment Palisade Wall x6 |
| 11:42 | Attila Empires · wall_segment Palisade Wall x1 |
| 12:40 | Attila Empires · wall_segment Palisade Wall x15 |
| 15:30 | Barış Manço · wall_segment Palisade Wall x4 |
| 15:43 | Attila Empires · wall_segment Palisade Wall x6 |
| 17:50 | Attila Empires · first_market_buy 100 food |
| 17:53 | Attila Empires · first_market_sell 100 wood |
| 20:45 | Attila Empires · age_up castle |
| 21:02 | Barış Manço · age_up castle |
| 24:37 | Barış Manço · first_building Monastery |
| 25:27 | Attila Empires · first_building Siege Workshop |
| 27:35 | Attila Empires · first_building Monastery |
| 27:39 | Barış Manço · first_building Siege Workshop |
| 36:22 | Barış Manço · age_up imperial |
| 36:25 | Barış Manço · first_building Castle |
| 37:01 | Attila Empires · age_up imperial |
| 38:46 | Attila Empires · first_building Castle |
| 41:21 | Attila Empires · resign |
[ AI ANALYSIS · 1 CREDIT ]
What really happened in this match?
Wolo.gg analyzes every decision: build order, eco, micro, common mistakes by bracket. Personalized analysis on WhatsApp or Discord in 30 seconds.
Civ guide
Maya
Perfil
Barış Manço